Workbook
Name _________AFC1: [1]INV!$A$25:$D$28
Name _________AFC3: [1]INV!$F$25:$I$28
Name _________AFC5: [1]INV!$K$25:$N$28
Name _________BGC1: [1]INV!$A$5:$D$8
Name _________BGC3: [1]INV!$F$5:$I$8
Name _________BGC5: [1]INV!$K$5:$N$8
Name _________CAC1: [1]INV!$A$19:$D$22
Name _________CAC3: [1]INV!$F$19:$I$22
Name _________CAC5: [1]INV!$K$19:$N$22
Name _________PJ50: #REF!
Name _________SBC1: [1]INV!$A$12:$D$15
Name _________SBC3: [1]INV!$F$12:$I$15
Name _________SBC5: [1]INV!$K$12:$N$15
Name ________AFC1: [1]INV!$A$25:$D$28
Name ________AFC3: [1]INV!$F$25:$I$28
Name ________AFC5: [1]INV!$K$25:$N$28
Name ________BGC1: [1]INV!$A$5:$D$8
Name ________BGC3: [1]INV!$F$5:$I$8
Name ________BGC5: [1]INV!$K$5:$N$8
Name ________CAC1: [1]INV!$A$19:$D$22
Name ________CAC3: [1]INV!$F$19:$I$22
Name ________CAC5: [1]INV!$K$19:$N$22
Name ________MA2: #REF!
Name ________PJ50: #REF!
Name ________SBC1: [1]INV!$A$12:$D$15
Name ________SBC3: [1]INV!$F$12:$I$15
Name ________SBC5: [1]INV!$K$12:$N$15
Name _______AFC1: [1]INV!$A$25:$D$28
Name _______AFC3: [1]INV!$F$25:$I$28
Name _______AFC5: [1]INV!$K$25:$N$28
Name _______BGC1: [1]INV!$A$5:$D$8
Name _______BGC3: [1]INV!$F$5:$I$8
Name _______BGC5: [1]INV!$K$5:$N$8
Name _______CAC1: [1]INV!$A$19:$D$22
Name _______CAC3: [1]INV!$F$19:$I$22
Name _______CAC5: [1]INV!$K$19:$N$22
Name _______MA2: #REF!
Name _______PJ50: #REF!
Name _______SBC1: [1]INV!$A$12:$D$15
Name _______SBC3: [1]INV!$F$12:$I$15
Name _______SBC5: [1]INV!$K$12:$N$15
Name ______AFC1: [1]INV!$A$25:$D$28
Name ______AFC3: [1]INV!$F$25:$I$28
Name ______AFC5: [1]INV!$K$25:$N$28
Name ______BGC1: [1]INV!$A$5:$D$8
Name ______BGC3: [1]INV!$F$5:$I$8
Name ______BGC5: [1]INV!$K$5:$N$8
Name ______CAC1: [1]INV!$A$19:$D$22
Name ______CAC3: [1]INV!$F$19:$I$22
Name ______CAC5: [1]INV!$K$19:$N$22
Name ______MA2: #REF!
Name ______PJ50: #REF!
Name ______pr01: #REF!
Name ______pr02: #REF!
Name ______pr03: #REF!
Name ______pr04: #REF!
Name ______pr05: #REF!
Name ______pr06: #REF!
Name ______pr07: #REF!
Name ______pr08: #REF!

Sheet PRESUPUESTO
C1: Formulario 1 - Propuesta económica - Licitación de obra pública de infraestructura social
C4: FONDO DE DESARROLLO LOCAL DE SANTA FE
C6: PRESUPUESTO OFICIAL
C7: Objeto: CONTRATAR, A PRECIOS UNITARIOS FIJOS Y A MONTO AGOTABLE, LA EJECUCIÓN DE LAS ACTIVIDADES DE ADECUACIÓN, MANTENIMIENTO Y DOTACIÓN REQUERIDAS PARA EL MEJORAMIENTO DE LOS PARQUES DE PROXIMIDAD DE LA LOCALIDAD DE SANTA FE, EN BOGOTÁ D.C.
C9: Nº | D9: ÍTEM DE PAGO | E9: CODIGO IDRD | F9: DESCRIPCIÓN | G9: UND. | H9: CANTIDAD | I9: VALOR UNITARIO | J9: VALOR UNITARIO CON AIU | K9: VALOR TOTAL
F10: 01 ACTIVIDADES PRELIMINARES
C11: 1 | D11: 1.1 | E11: 00695 | F11: Localización y replanteo | G11: M2 | H11: =+'010'!H11+'025'!H11+'062'!H11+'124'!H11+'151'!H11 -> 1806.87 | I11: $ 5.687,45 | J11: =+I11*1.3453 -> 7651.3265 | K11: =+ROUND(H11*J11,0) -> 13824952
C12: 2 | D12: 1.2 | E12: 11646 | F12: Cerramiento lona h=2.20 mts(Exc) ** | G12: ML | H12: =+'010'!H12+'025'!H12+'062'!H12+'124'!H12+'151'!H12 -> 400.9 | I12: $ 36.492,75 | J12: =+I12*1.3453 -> 49093.697 | K12: =+ROUND(H12*J12,0) -> 19681663
C13: 3 | D13: 1.3 | E13: 15085 | F13: Nivelación y Compactación de Subrasante(MdeO+Cilin | G13: M2 | H13: =+'010'!H13+'025'!H13+'062'!H13+'124'!H13+'151'!H13 -> 1347.36 | I13: 2326.93 | J13: =+I13*1.3453 -> 3130.4189 | K13: =+ROUND(H13*J13,0) -> 4217801
F15: 02 DEMOLICIONES
C16: 4 | D16: 2.1 | E16: 10208 | F16: Demol pav asfaltico e=0.10m (corte disco+cargue+retiro) | G16: M2 | H16: =+'010'!H16+'025'!H16+'062'!H16+'124'!H16+'151'!H16 -> 1347.36 | I16: $ 203.719,33 | J16: =+I16*1.3453 -> 274063.61 | K16: =+ROUND(H16*J16,0) -> 369262352
C17: 5 | D17: 2.2 | E17: 10760 | F17: Demolición carcamo equipo inclu. cargue y | G17: ML | H17: =+'010'!H17+'025'!H17+'062'!H17+'124'!H17+'151'!H17 -> 29.3 | I17: $ 28.143,86 | J17: =+I17*1.3453 -> 37861.935 | K17: =+ROUND(H17*J17,0) -> 1109355
C18: 6 | D18: 2.3 | E18: 11389 | F18: Demolición Cuneta Manual incly cargue y retiro | G18: ML | H18: =+'010'!H18+'025'!H18+'062'!H18+'124'!H18+'151'!H18 -> 66.6 | I18: $ 51.711,79 | J18: =+I18*1.3453 -> 69567.871 | K18: =+ROUND(H18*J18,0) -> 4633220
C19: 7 | D19: 2.4 | E19: 13405 | F19: Demolición placas piso h=20 + trasiego | G19: M2 | H19: =+'010'!H19+'025'!H19+'062'!H19+'124'!H19+'151'!H19 -> 56 | I19: $ 87.165,11 | J19: =+I19*1.3453 -> 117263.22 | K19: =+ROUND(H19*J19,0) -> 6566740
F21: 03 EXCAVACIONES
C22: 8 | D22: 3.1 | E22: 13195 | F22: Excavacion manual con retiro suelo blando** | G22: M3 | H22: =+'010'!H22+'025'!H22+'062'!H22+'124'!H22+'151'!H22 -> 9 | I22: $ 116.632,07 | J22: =+I22*1.3453 -> 156905.12 | K22: =+ROUND(H22*J22,0) -> 1412146
C23: 9 | D23: 3.2 | E23: 13298 | F23: Cargue y Retiro de escombros con Minicargador | G23: M3 | H23: =+'010'!H23+'025'!H23+'062'!H23+'124'!H23+'151'!H23 -> 9 | I23: $ 107.084,88 | J23: =+I23*1.3453 -> 144061.29 | K23: =+ROUND(H23*J23,0) -> 1296552
C24: 10 | D24: 3.3 | E24: 20846 | F24: Excavación mecánica (Cargue+Transp+Disp | G24: M3 | H24: =+'010'!H24+'025'!H24+'062'!H24+'124'!H24+'151'!H24 -> 352.09 | I24: $ 85.641,75 | J24: =+I24*1.3453 -> 115213.85 | K24: =+ROUND(H24*J24,0) -> 40565643
F26: 04 RELLENOS
C27: 11 | D27: 4.1 | E27: 11921 | F27: Suministro e instalacion Geotextil T-2100** | G27: M2 | H27: =+'010'!H27+'025'!H27+'062'!H27+'124'!H27+'151'!H27 -> 1313.16 | I27: 11915.58 | J27: =+I27*1.3453 -> 16030.03 | K27: =+ROUND(H27*J27,0) -> 21049994
C28: 12 | D28: 4.2 | E28: 16837 | F28: Relleno compactado Base granular tipo IDRDcontrap | G28: M3 | H28: =+'010'!H28+'025'!H28+'062'!H28+'124'!H28+'151'!H28 -> 356.43 | I28: 224923.82 | J28: =+I28*1.3453 -> 302590.02 | K28: =+ROUND(H28*J28,0) -> 107852159
C29: 13 | D29: 4.3 | E29: 17951 | F29: Relleno compactado Subbase granular tipo IDRD CDRC | G29: M3 | H29: =+'010'!H29+'025'!H29+'062'!H29+'124'!H29+'151'!H29 -> 6.84 | I29: 205448.33 | J29: =+I29*1.3453 -> 276389.64 | K29: =+ROUND(H29*J29,0) -> 1890505
F31: 05 ESTRUCTURA EN CONCRETO
C32: 14 | D32: 5.1 | E32: 10352 | F32: Cañuela T-C prefabricada (A-120) (canal)** | G32: ML | H32: =+'010'!H32+'025'!H32+'062'!H32+'124'!H32+'151'!H32 -> 84.1 | I32: $ 139.888,55 | J32: =+I32*1.3453 -> 188192.07 | K32: =+ROUND(H32*J32,0) -> 15826953
C33: 15 | D33: 5.2 | E33: 12065 | F33: Bordillo prefabricadoA-80(0.35x0.2x0.80m)ZV-conAtr | G33: ML | H33: =+'010'!H33+'025'!H33+'062'!H33+'124'!H33+'151'!H33 -> 25 | I33: $ 132.204,16 | J33: =+I33*1.3453 -> 177854.26 | K33: =+ROUND(H33*J33,0) -> 4446356
F35: 06 ACABADOS
C36: 16 | D36: 6.1 | E36: 15955 | F36: Cinta AjusteConc.3000psi(a=0.20;e=0.15m)sin ref | G36: ML | H36: =+'010'!H36+'025'!H36+'062'!H36+'124'!H36+'151'!H36 -> 30.8 | I36: $ 59.958,78 | J36: =+I36*1.3453 -> 80662.547 | K36: =+ROUND(H36*J36,0) -> 2484406
C37: 17 | D37: 6.2 | E37: 16670 | F37: Piso Caucho recicl 9cm (EPDM 1cm+SBR 8cm sum+inst) | G37: M2 | H37: =+'010'!H37+'025'!H37+'062'!H37+'124'!H37+'151'!H37 -> 115.68 | I37: 516895 | J37: =+I37*1.3453 -> 695378.84 | K37: =+ROUND(H37*J37,0) -> 80441425
C38: 18 | D38: 6.3 | E38: 16677 | F38: Piso Caucho recicl 5cm (EPDM 1cm+SBR 4cm sum+inst) | G38: M2 | H38: =+'010'!H38+'025'!H38+'062'!H38+'124'!H38+'151'!H38 -> 355.54954 | I38: 355743 | J38: =+I38*1.3453 -> 478581.06 | K38: =+ROUND(H38*J38,0) -> 170159276
F40: 07 ASFALTO
C41: 19 | D41: 7.1 | E41: 10407 | F41: Base asfaltica B-1350 e=5cm compactado** | G41: M2 | H41: =+'010'!H41+'025'!H41+'062'!H41+'124'!H41+'151'!H41 -> 1386.56 | I41: 82372.07 | J41: =+I41*1.3453 -> 110815.15 | K41: =+ROUND(H41*J41,0) -> 153651849
C42: 20 | D42: 7.2 | E42: 13743 | F42: Riego de liga (Emulsion CRR-1)** | G42: M2 | H42: =+'010'!H42+'025'!H42+'062'!H42+'124'!H42+'151'!H42 -> 1386.56 | I42: $ 10.080,60 | J42: =+I42*1.3453 -> 13561.431 | K42: =+ROUND(H42*J42,0) -> 18803738
F44: 08 DEMARCACIONES
C45: 21 | D45: 8.1 | E45: 10256 | F45: Demarcacion pintura trafico multiple a=0.1 ** | G45: M2 | H45: =+'010'!H45+'025'!H45+'062'!H45+'124'!H45+'151'!H45 -> 200 | I45: 15505.14 | J45: =+I45*1.3453 -> 20859.065 | K45: =+ROUND(H45*J45,0) -> 4171813
C46: 22 | D46: 8.2 | E46: 12541 | F46: Recubrimiento sintetico Acrilico campos deportivos | G46: M2 | H46: =+'010'!H46+'025'!H46+'062'!H46+'124'!H46+'151'!H46 -> 1313.36 | I46: $ 15.505,14 | J46: =+I46*1.3453 -> 20859.065 | K46: =+ROUND(H46*J46,0) -> 27395461
F48: 09 PINTURA
C49: 23 | D49: 9.1 | E49: 10021 | F49: Pintura cerramiento malla eslabonada | G49: M2 | H49: =+'010'!H49+'025'!H49+'062'!H49+'124'!H49+'151'!H49 -> 78.501817 | I49: 24685.45 | J49: =+I49*1.3453 -> 33209.336 | K49: =+ROUND(H49*J49,0) -> 2606993
C50: 24 | D50: 9.2 | E50: 12198 | F50: Pintura Baranda M-80 (2 MANOS) | G50: ML | H50: =+'010'!H50+'025'!H50+'062'!H50+'124'!H50+'151'!H50 -> 194 | I50: $ 33.177,18 | J50: =+I50*1.3453 -> 44633.26 | K50: =+ROUND(H50*J50,0) -> 8658852
C51: 25 | D51: 9.3 | E51: 13689 | F51: Punto de Soldadura 6013 | G51: UN | H51: =+'010'!H51+'025'!H51+'062'!H51+'124'!H51+'151'!H51 -> 150 | I51: 10595.65 | J51: =+I51*1.3453 -> 14254.328 | K51: =+ROUND(H51*J51,0) -> 2138149
F53: 10 MALLAS Y CERRAMIENTOS
C54: 26 | D54: 10.1 | E54: 10452 | F54: Estruc.Mult +Balonc.Tabl. Antiband (Sum+Inst) | G54: JGO | H54: =+'010'!H54+'025'!H54+'062'!H54+'124'!H54+'151'!H54 -> 3 | I54: 9426034.5 | J54: =+I54*1.3453 -> 12680844 | K54: =+ROUND(H54*J54,0) -> 38042533
C55: 27 | D55: 10.2 | E55: 10087 | F55: Cerramiento contra impacto IDRD h= 5 ** | G55: ML | H55: =+'010'!H55+'025'!H55+'062'!H55+'124'!H55+'151'!H55 -> 13.7 | I55: $ 2.094.607,98 | J55: =+I55*1.3453 -> 2817876.1 | K55: =+ROUND(H55*J55,0) -> 38604903
F57: 11 JARDINERÍA
C58: 28 | D58: 11.1 | E58: 11309 | F58: Corte y cicatrización de Raices Arbol 5 a 10M** | G58: UN | H58: =+'010'!H58+'025'!H58+'062'!H58+'124'!H58+'151'!H58 -> 1 | I58: $ 686.894,43 | J58: =+I58*1.3453 -> 924079.08 | K58: =+ROUND(H58*J58,0) -> 924079
F60: 12 JUEGOS INFANTILES
C61: 29 | D61: 12.1 | E61: 13729 | F61: Mantenimiento de Juegos infantiles Incluye: Limpieza, Engrase y Ajustes | G61: UN | H61: =+'010'!H61+'025'!H61+'062'!H61+'124'!H61+'151'!H61 -> 4 | I61: 1035033 | J61: =+I61*1.3453 -> 1392429.9 | K61: =+ROUND(H61*J61,0) -> 5569720
C62: 30 | D62: 12.2 | E62: 15973 | F62: JuegoMuellePanelLateralMediosTransport2-6añoCap:1n | G62: UN | H62: =+'010'!H62+'025'!H62+'062'!H62+'124'!H62+'151'!H62 -> 1 | I62: $ 15.329.700,97 | J62: =+I62*1.3453 -> 20623047 | K62: =+ROUND(H62*J62,0) -> 20623047
C63: 31 | D63: 12.3 | E63: 16137 | F63: JuegoMuellePanelesFormasludicas2-8añosCap:1niño | G63: UN | H63: =+'010'!H63+'025'!H63+'062'!H63+'124'!H63+'151'!H63 -> 3 | I63: 11266369 | J63: =+I63*1.3453 -> 15156646 | K63: =+ROUND(H63*J63,0) -> 45469937
F65: 13 DESMONTE, SUMINISTRO E INSTALACION
C66: 32 | D66: 13.1 | E66: 10439 | F66: Desmonte estruc. de cancha multiple + retiro | G66: JGO | H66: =+'010'!H66+'025'!H66+'062'!H66+'124'!H66+'151'!H66 -> 3 | I66: $ 479.146,70 | J66: =+I66*1.3453 -> 644596.06 | K66: =+ROUND(H66*J66,0) -> 1933788
C67: 33 | D67: 13.2 | E67: 10661 | F67: Desmonte juegos infantiles ** | G67: EVENT | H67: =+'010'!H67+'025'!H67+'062'!H67+'124'!H67+'151'!H67 -> 9 | I67: $ 155.116,12 | J67: =+I67*1.3453 -> 208677.72 | K67: =+ROUND(H67*J67,0) -> 1878099
C68: 34 | D68: 13.3 | E68: 12818 | F68: Reparación baranda ** | G68: ML | H68: =+'010'!H68+'025'!H68+'062'!H68+'124'!H68+'151'!H68 -> 15 | I68: 137512.36 | J68: =+I68*1.3453 -> 184995.38 | K68: =+ROUND(H68*J68,0) -> 2774931
C69: 35 | D69: 13.4 | E69: 12969 | F69: Desmonte patas caneca M-120 | G69: UN | H69: =+'010'!H69+'025'!H69+'062'!H69+'124'!H69+'151'!H69 -> 2 | I69: $ 34.320,32 | J69: =+I69*1.3453 -> 46171.126 | K69: =+ROUND(H69*J69,0) -> 92342
C70: 36 | D70: 13.5 | E70: 12978 | F70: Desmonte banca M-31 | G70: UN | H70: =+'010'!H70+'025'!H70+'062'!H70+'124'!H70+'151'!H70 -> 3 | I70: $ 91.750,18 | J70: =+I70*1.3453 -> 123431.52 | K70: =+ROUND(H70*J70,0) -> 370295
C71: 37 | D71: 13.6 | E71: 14439 | F71: Desmonte piso de caucho (Trasiego+Retiro) | G71: M2 | H71: =+'010'!H71+'025'!H71+'062'!H71+'124'!H71+'151'!H71 -> 449.51 | I71: 13249.08 | J71: =+I71*1.3453 -> 17823.987 | K71: =+ROUND(H71*J71,0) -> 8012061
C72: 38 | D72: 13.7 | E72: 10250 | F72: Caneca Acero Iinoxidable M-121 (sumin e insta) ** | G72: UND | H72: =+'010'!H72+'025'!H72+'062'!H72+'124'!H72+'151'!H72 -> 8 | I72: $ 715.274,19 | J72: =+I72*1.3453 -> 962258.37 | K72: =+ROUND(H72*J72,0) -> 7698067
C73: 39 | D73: 13.8 | E73: 14656 | F73: Banca M-31 | G73: UN | H73: =+'010'!H73+'025'!H73+'062'!H73+'124'!H73+'151'!H73 -> 4 | I73: $ 653.922,85 | J73: =+I73*1.3453 -> 879722.41 | K73: =+ROUND(H73*J73,0) -> 3518890
C74: 40 | D74: 13.9 | E74: 15650 | F74: Señal IDG-S -2 Dos Caras (S/Especif-IDRD) Sum+Insta | G74: UN | H74: =+'010'!H74+'025'!H74+'062'!H74+'124'!H74+'151'!H74 -> 1 | I74: 753853.5 | J74: =+I74*1.3453 -> 1014159.1 | K74: =+ROUND(H74*J74,0) -> 1014159
C75: 41 | D75: 13.10 | E75: 20827 | F75: Señaletica normas generales zonas infantiles y zona biosaludables 120x80 cm*2 caras (Sum + Inst) | G75: UN | H75: =+'010'!H75+'025'!H75+'062'!H75+'124'!H75+'151'!H75 -> 3 | I75: 2311790.4 | J75: =+I75*1.3453 -> 3110051.6 | K75: =+ROUND(H75*J75,0) -> 9330155
F76: VALOR TOTAL | K76: =SUM(K11:K75) -> 1270005359 | N76: 1270005359 | O76: =+K76-N76 -> 0
C79: NOTA 1: Se debe tener en cuenta que el PRECIO UNITARIO incluye el valor de A.I.U. | G79: DESCRIPCION | K79: PORCENTAJE
C80: NOTA 2: Cuando la fracción decimal del peso sea igual o superior a 5 se aproximará por exceso al número entero siguiente del peso y cuando la fracción decimal del peso sea inferior a 5 se aproximará por defecto al número entero del peso. | G80: ADMINISTRACIÓN | I80: A= | K80: 0.2953
C81: NOTA 3: El A.I.U y su discriminación deben estar en porcentaje (%). | G81: IMPREVISTO | I81: I= | K81: 0.01
G82: UTILIDAD | I82: U= | K82: 0.04
G83: TOTAL A.I.U | I83: A.I.U.= | K83: =SUM(K80:K82) -> 0.3453

Sheet 010
C1: Formulario 1 - Propuesta económica - Licitación de obra pública de infraestructura social
C4: FONDO DE DESARROLLO LOCAL DE SANTA FE
C6: PRESUPUESTO OFICIAL
C7: Objeto: CONTRATAR, A PRECIOS UNITARIOS FIJOS Y A MONTO AGOTABLE, LA EJECUCIÓN DE LAS ACTIVIDADES DE ADECUACIÓN, MANTENIMIENTO Y DOTACIÓN REQUERIDAS PARA EL MEJORAMIENTO DE LOS PARQUES DE PROXIMIDAD DE LA LOCALIDAD DE SANTA FE, EN BOGOTÁ D.C.
C9: Nº | D9: ÍTEM DE PAGO | E9: CODIGO IDRD | F9: DESCRIPCIÓN | G9: UND. | H9: CANTIDAD | I9: VALOR UNITARIO | J9: VALOR UNITARIO CON AIU | K9: VALOR TOTAL
F10: 01 ACTIVIDADES PRELIMINARES
C11: 1 | D11: 1.1 | E11: 00695 | F11: Localización y replanteo | G11: M2 | H11: 862.33 | I11: $ 5.687,45 | J11: =+I11*1.3453 -> 7651.3265 | K11: =+ROUND(H11*J11,0) -> 6597968
C12: 2 | D12: 1.2 | E12: 11646 | F12: Cerramiento lona h=2.20 mts(Exc) ** | G12: ML | H12: 227 | I12: $ 36.492,75 | J12: =+I12*1.3453 -> 49093.697 | K12: =+ROUND(H12*J12,0) -> 11144269
C13: 3 | D13: 1.3 | E13: 15085 | F13: Nivelación y Compactación de Subrasante(MdeO+Cilin | G13: M2 | H13: 502.82 | I13: 2326.93 | J13: =+I13*1.3453 -> 3130.4189 | K13: =+ROUND(H13*J13,0) -> 1574037
F15: 02 DEMOLICIONES
C16: 4 | D16: 2.1 | E16: 10208 | F16: Demol pav asfaltico e=0.10m (corte disco+cargue+retiro) | G16: M2 | H16: 502.82 | I16: $ 203.719,33 | J16: =+I16*1.3453 -> 274063.61 | K16: =+ROUND(H16*J16,0) -> 137804667
C17: 5 | D17: 2.2 | E17: 10760 | F17: Demolición carcamo equipo inclu. cargue y | G17: ML | I17: $ 28.143,86 | J17: =+I17*1.3453 -> 37861.935 | K17: =+ROUND(H17*J17,0) -> 0
C18: 6 | D18: 2.3 | E18: 11389 | F18: Demolición Cuneta Manual incly cargue y retiro | G18: ML | H18: 66.6 | I18: $ 51.711,79 | J18: =+I18*1.3453 -> 69567.871 | K18: =+ROUND(H18*J18,0) -> 4633220
C19: 7 | D19: 2.4 | E19: 13405 | F19: Demolición placas piso h=20 + trasiego | G19: M2 | I19: $ 87.165,11 | J19: =+I19*1.3453 -> 117263.22 | K19: =+ROUND(H19*J19,0) -> 0
F21: 03 EXCAVACIONES
C22: 8 | D22: 3.1 | E22: 13195 | F22: Excavacion manual con retiro suelo blando** | G22: M3 | I22: $ 116.632,07 | J22: =+I22*1.3453 -> 156905.12 | K22: =+ROUND(H22*J22,0) -> 0
C23: 9 | D23: 3.2 | E23: 13298 | F23: Cargue y Retiro de escombros con Minicargador | G23: M3 | I23: $ 107.084,88 | J23: =+I23*1.3453 -> 144061.29 | K23: =+ROUND(H23*J23,0) -> 0
C24: 10 | D24: 3.3 | E24: 20846 | F24: Excavación mecánica (Cargue+Transp+Disp | G24: M3 | H24: =+H16*0.25 -> 125.705 | I24: $ 85.641,75 | J24: =+I24*1.3453 -> 115213.85 | K24: =+ROUND(H24*J24,0) -> 14482957
F26: 04 RELLENOS
C27: 11 | D27: 4.1 | E27: 11921 | F27: Suministro e instalacion Geotextil T-2100** | G27: M2 | H27: 502.82 | I27: 11915.58 | J27: =+I27*1.3453 -> 16030.03 | K27: =+ROUND(H27*J27,0) -> 8060220
C28: 12 | D28: 4.2 | E28: 16837 | F28: Relleno compactado Base granular tipo IDRDcontrap | G28: M3 | H28: =512.82*0.25 -> 128.205 | I28: 224923.82 | J28: =+I28*1.3453 -> 302590.02 | K28: =+ROUND(H28*J28,0) -> 38793553
C29: 13 | D29: 4.3 | E29: 17951 | F29: Relleno compactado Subbase granular tipo IDRD CDRC | G29: M3 | I29: 205448.33 | J29: =+I29*1.3453 -> 276389.64 | K29: =+ROUND(H29*J29,0) -> 0
F31: 05 ESTRUCTURA EN CONCRETO
C32: 14 | D32: 5.1 | E32: 10352 | F32: Cañuela T-C prefabricada (A-120) (canal)** | G32: ML | H32: =15.4+15.4 -> 30.8 | I32: $ 139.888,55 | J32: =+I32*1.3453 -> 188192.07 | K32: =+ROUND(H32*J32,0) -> 5796316
C33: 15 | D33: 5.2 | E33: 12065 | F33: Bordillo prefabricadoA-80(0.35x0.2x0.80m)ZV-conAtr | G33: ML | I33: $ 132.204,16 | J33: =+I33*1.3453 -> 177854.26 | K33: =+ROUND(H33*J33,0) -> 0
F35: 06 ACABADOS
C36: 16 | D36: 6.1 | E36: 15955 | F36: Cinta AjusteConc.3000psi(a=0.20;e=0.15m)sin ref | G36: ML | H36: 30.8 | I36: $ 59.958,78 | J36: =+I36*1.3453 -> 80662.547 | K36: =+ROUND(H36*J36,0) -> 2484406
C37: 17 | D37: 6.2 | E37: 16670 | F37: Piso Caucho recicl 9cm (EPDM 1cm+SBR 8cm sum+inst) | G37: M2 | H37: 62 | I37: 516895 | J37: =+I37*1.3453 -> 695378.84 | K37: =+ROUND(H37*J37,0) -> 43113488
C38: 18 | D38: 6.3 | E38: 16677 | F38: Piso Caucho recicl 5cm (EPDM 1cm+SBR 4cm sum+inst) | G38: M2 | H38: 275.02954 | I38: 355743 | J38: =+I38*1.3453 -> 478581.06 | K38: =+ROUND(H38*J38,0) -> 131623929
F40: 07 ASFALTO
C41: 19 | D41: 7.1 | E41: 10407 | F41: Base asfaltica B-1350 e=5cm compactado** | G41: M2 | H41: 502.82 | I41: 82372.07 | J41: =+I41*1.3453 -> 110815.15 | K41: =+ROUND(H41*J41,0) -> 55720072
C42: 20 | D42: 7.2 | E42: 13743 | F42: Riego de liga (Emulsion CRR-1)** | G42: M2 | H42: 502.82 | I42: $ 10.080,60 | J42: =+I42*1.3453 -> 13561.431 | K42: =+ROUND(H42*J42,0) -> 6818959
F44: 08 DEMARCACIONES
C45: 21 | D45: 8.1 | E45: 10256 | F45: Demarcacion pintura trafico multiple a=0.1 ** | G45: M2 | H45: 77 | I45: 15505.14 | J45: =+I45*1.3453 -> 20859.065 | K45: =+ROUND(H45*J45,0) -> 1606148
C46: 22 | D46: 8.2 | E46: 12541 | F46: Recubrimiento sintetico Acrilico campos deportivos | G46: M2 | H46: 502.82 | I46: $ 15.505,14 | J46: =+I46*1.3453 -> 20859.065 | K46: =+ROUND(H46*J46,0) -> 10488355
F48: 09 PINTURA
C49: 23 | D49: 9.1 | E49: 10021 | F49: Pintura cerramiento malla eslabonada | G49: M2 | H49: 31.401817 | I49: 24685.45 | J49: =+I49*1.3453 -> 33209.336 | K49: =+ROUND(H49*J49,0) -> 1042833
C50: 24 | D50: 9.2 | E50: 12198 | F50: Pintura Baranda M-80 (2 MANOS) | G50: ML | H50: 127 | I50: $ 33.177,18 | J50: =+I50*1.3453 -> 44633.26 | K50: =+ROUND(H50*J50,0) -> 5668424
C51: 25 | D51: 9.3 | E51: 13689 | F51: Punto de Soldadura 6013 | G51: UN | H51: 50 | I51: 10595.65 | J51: =+I51*1.3453 -> 14254.328 | K51: =+ROUND(H51*J51,0) -> 712716
F53: 10 MALLAS Y CERRAMIENTOS
C54: 26 | D54: 10.1 | E54: 10452 | F54: Estruc.Mult +Balonc.Tabl. Antiband (Sum+Inst) | G54: JGO | H54: 1 | I54: 9426034.5 | J54: =+I54*1.3453 -> 12680844 | K54: =+ROUND(H54*J54,0) -> 12680844
C55: 27 | D55: 10.2 | E55: 10087 | F55: Cerramiento contra impacto IDRD h= 5 ** | G55: ML | I55: $ 2.094.607,98 | J55: =+I55*1.3453 -> 2817876.1 | K55: =+ROUND(H55*J55,0) -> 0
F57: 11 JARDINERÍA
C58: 28 | D58: 11.1 | E58: 11309 | F58: Corte y cicatrización de Raices Arbol 5 a 10M** | G58: UN | I58: $ 686.894,43 | J58: =+I58*1.3453 -> 924079.08 | K58: =+ROUND(H58*J58,0) -> 0
F60: 12 JUEGOS INFANTILES
C61: 29 | D61: 12.1 | E61: 13729 | F61: Mantenimiento de Juegos infantiles Incluye: Limpieza, Engrase y Ajustes | G61: UN | H61: 3 | I61: 1035033 | J61: =+I61*1.3453 -> 1392429.9 | K61: =+ROUND(H61*J61,0) -> 4177290
C62: 30 | D62: 12.2 | E62: 15973 | F62: JuegoMuellePanelLateralMediosTransport2-6añoCap:1n | G62: UN | H62: 1 | I62: $ 15.329.700,97 | J62: =+I62*1.3453 -> 20623047 | K62: =+ROUND(H62*J62,0) -> 20623047
C63: 31 | D63: 12.3 | E63: 16137 | F63: JuegoMuellePanelesFormasludicas2-8añosCap:1niño | G63: UN | H63: 1 | I63: 11266369 | J63: =+I63*1.3453 -> 15156646 | K63: =+ROUND(H63*J63,0) -> 15156646
F65: 13 DESMONTE, SUMINISTRO E INSTALACION
C66: 32 | D66: 13.1 | E66: 10439 | F66: Desmonte estruc. de cancha multiple + retiro | G66: JGO | H66: 1 | I66: $ 479.146,70 | J66: =+I66*1.3453 -> 644596.06 | K66: =+ROUND(H66*J66,0) -> 644596
C67: 33 | D67: 13.2 | E67: 10661 | F67: Desmonte juegos infantiles ** | G67: UND | H67: 7 | I67: $ 155.116,12 | J67: =+I67*1.3453 -> 208677.72 | K67: =+ROUND(H67*J67,0) -> 1460744
C68: 34 | D68: 13.3 | E68: 12818 | F68: Reparación baranda ** | G68: ML | H68: 10 | I68: 137512.36 | J68: =+I68*1.3453 -> 184995.38 | K68: =+ROUND(H68*J68,0) -> 1849954
C69: 35 | D69: 13.4 | E69: 12969 | F69: Desmonte patas caneca M-120 | G69: UN | H69: 2 | I69: $ 34.320,32 | J69: =+I69*1.3453 -> 46171.126 | K69: =+ROUND(H69*J69,0) -> 92342
C70: 36 | D70: 13.5 | E70: 12978 | F70: Desmonte banca M-31 | G70: UN | H70: 1 | I70: $ 91.750,18 | J70: =+I70*1.3453 -> 123431.52 | K70: =+ROUND(H70*J70,0) -> 123432
C71: 37 | D71: 13.6 | E71: 14439 | F71: Desmonte piso de caucho (Trasiego+Retiro) | G71: M2 | H71: 349.51 | I71: 13249.08 | J71: =+I71*1.3453 -> 17823.987 | K71: =+ROUND(H71*J71,0) -> 6229662
C72: 38 | D72: 13.7 | E72: 10250 | F72: Caneca Acero Iinoxidable M-121 (sumin e insta) ** | G72: UND | H72: 2 | I72: $ 715.274,19 | J72: =+I72*1.3453 -> 962258.37 | K72: =+ROUND(H72*J72,0) -> 1924517
C73: 39 | D73: 13.8 | E73: 14656 | F73: Banca M-31 | G73: UN | H73: 1 | I73: $ 653.922,85 | J73: =+I73*1.3453 -> 879722.41 | K73: =+ROUND(H73*J73,0) -> 879722
C74: 40 | D74: 13.9 | E74: 15650 | F74: Señal IDG-S -2 Dos Caras (S/Especif-IDRD) Sum+Insta | G74: UN | I74: 753853.5 | J74: =+I74*1.3453 -> 1014159.1 | K74: =+ROUND(H74*J74,0) -> 0
C75: 41 | D75: 13.10 | E75: 20827 | F75: Señaletica normas generales zonas infantiles y zona biosaludables 120x80 cm*2 caras (Sum + Inst) | G75: UN | H75: 2 | I75: 2311790.4 | J75: =+I75*1.3453 -> 3110051.6 | K75: =+ROUND(H75*J75,0) -> 6220103
F76: VALOR TOTAL | K76: =SUM(K11:K75) -> 560229436
C79: NOTA 1: Se debe tener en cuenta que el PRECIO UNITARIO incluye el valor de A.I.U. | G79: DESCRIPCION | K79: PORCENTAJE
C80: NOTA 2: Cuando la fracción decimal del peso sea igual o superior a 5 se aproximará por exceso al número entero siguiente del peso y cuando la fracción decimal del peso sea inferior a 5 se aproximará por defecto al número entero del peso. | G80: ADMINISTRACIÓN | I80: A= | K80: 0.2953
C81: NOTA 3: El A.I.U y su discriminación deben estar en porcentaje (%). | G81: IMPREVISTO | I81: I= | K81: 0.01
G82: UTILIDAD | I82: U= | K82: 0.04
G83: TOTAL A.I.U | I83: A.I.U.= | K83: =SUM(K80:K82) -> 0.3453

Sheet 025
C1: Formulario 1 - Propuesta económica - Licitación de obra pública de infraestructura social
C4: FONDO DE DESARROLLO LOCAL DE SANTA FE
C6: PRESUPUESTO OFICIAL
C7: Objeto: CONTRATAR, A PRECIOS UNITARIOS FIJOS Y A MONTO AGOTABLE, LA EJECUCIÓN DE LAS ACTIVIDADES DE ADECUACIÓN, MANTENIMIENTO Y DOTACIÓN REQUERIDAS PARA EL MEJORAMIENTO DE LOS PARQUES DE PROXIMIDAD DE LA LOCALIDAD DE SANTA FE, EN BOGOTÁ D.C.
C9: Nº | D9: ÍTEM DE PAGO | E9: CODIGO IDRD | F9: DESCRIPCIÓN | G9: UND. | H9: CANTIDAD | I9: VALOR UNITARIO | J9: VALOR UNITARIO CON AIU | K9: VALOR TOTAL
F10: 01 ACTIVIDADES PRELIMINARES
C11: 1 | D11: 1.1 | E11: 00695 | F11: Localización y replanteo | G11: M2 | H11: 308.8 | I11: $ 5.687,45 | J11: =+I11*1.3453 -> 7651.3265 | K11: =+ROUND(H11*J11,0) -> 2362730
C12: 2 | D12: 1.2 | E12: 11646 | F12: Cerramiento lona h=2.20 mts(Exc) ** | G12: ML | H12: 37.7 | I12: $ 36.492,75 | J12: =+I12*1.3453 -> 49093.697 | K12: =+ROUND(H12*J12,0) -> 1850832
C13: 3 | D13: 1.3 | E13: 15085 | F13: Nivelación y Compactación de Subrasante(MdeO+Cilin | G13: M2 | H13: 308.8 | I13: 2326.93 | J13: =+I13*1.3453 -> 3130.4189 | K13: =+ROUND(H13*J13,0) -> 966673
F15: 02 DEMOLICIONES
C16: 4 | D16: 2.1 | E16: 10208 | F16: Demol pav asfaltico e=0.10m (corte disco+cargue+retiro) | G16: M2 | H16: 308.8 | I16: $ 203.719,33 | J16: =+I16*1.3453 -> 274063.61 | K16: =+ROUND(H16*J16,0) -> 84630844
C17: 5 | D17: 2.2 | E17: 10760 | F17: Demolición carcamo equipo inclu. cargue y | G17: ML | I17: $ 28.143,86 | J17: =+I17*1.3453 -> 37861.935 | K17: =+ROUND(H17*J17,0) -> 0
C18: 6 | D18: 2.3 | E18: 11389 | F18: Demolición Cuneta Manual incly cargue y retiro | G18: ML | I18: $ 51.711,79 | J18: =+I18*1.3453 -> 69567.871 | K18: =+ROUND(H18*J18,0) -> 0
C19: 7 | D19: 2.4 | E19: 13405 | F19: Demolición placas piso h=20 + trasiego | G19: M2 | H19: 56 | I19: $ 87.165,11 | J19: =+I19*1.3453 -> 117263.22 | K19: =+ROUND(H19*J19,0) -> 6566740
F21: 03 EXCAVACIONES
C22: 8 | D22: 3.1 | E22: 13195 | F22: Excavacion manual con retiro suelo blando** | G22: M3 | I22: $ 116.632,07 | J22: =+I22*1.3453 -> 156905.12 | K22: =+ROUND(H22*J22,0) -> 0
C23: 9 | D23: 3.2 | E23: 13298 | F23: Cargue y Retiro de escombros con Minicargador | G23: M3 | I23: $ 107.084,88 | J23: =+I23*1.3453 -> 144061.29 | K23: =+ROUND(H23*J23,0) -> 0
C24: 10 | D24: 3.3 | E24: 20846 | F24: Excavación mecánica (Cargue+Transp+Disp | G24: M3 | H24: =82+19 -> 101 | I24: $ 85.641,75 | J24: =+I24*1.3453 -> 115213.85 | K24: =+ROUND(H24*J24,0) -> 11636598
F26: 04 RELLENOS
C27: 11 | D27: 4.1 | E27: 11921 | F27: Suministro e instalacion Geotextil T-2100** | G27: M2 | H27: 308.8 | I27: 11915.58 | J27: =+I27*1.3453 -> 16030.03 | K27: =+ROUND(H27*J27,0) -> 4950073
C28: 12 | D28: 4.2 | E28: 16837 | F28: Relleno compactado Base granular tipo IDRDcontrap | G28: M3 | H28: 96 | I28: 224923.82 | J28: =+I28*1.3453 -> 302590.02 | K28: =+ROUND(H28*J28,0) -> 29048641
C29: 13 | D29: 4.3 | E29: 17951 | F29: Relleno compactado Subbase granular tipo IDRD CDRC | G29: M3 | I29: 205448.33 | J29: =+I29*1.3453 -> 276389.64 | K29: =+ROUND(H29*J29,0) -> 0
F31: 05 ESTRUCTURA EN CONCRETO
C32: 14 | D32: 5.1 | E32: 10352 | F32: Cañuela T-C prefabricada (A-120) (canal)** | G32: ML | H32: 24 | I32: $ 139.888,55 | J32: =+I32*1.3453 -> 188192.07 | K32: =+ROUND(H32*J32,0) -> 4516610
C33: 15 | D33: 5.2 | E33: 12065 | F33: Bordillo prefabricadoA-80(0.35x0.2x0.80m)ZV-conAtr | G33: ML | I33: $ 132.204,16 | J33: =+I33*1.3453 -> 177854.26 | K33: =+ROUND(H33*J33,0) -> 0
F35: 06 ACABADOS
C36: 16 | D36: 6.1 | E36: 15955 | F36: Cinta AjusteConc.3000psi(a=0.20;e=0.15m)sin ref | G36: ML | I36: $ 59.958,78 | J36: =+I36*1.3453 -> 80662.547 | K36: =+ROUND(H36*J36,0) -> 0
C37: 17 | D37: 6.2 | E37: 16670 | F37: Piso Caucho recicl 9cm (EPDM 1cm+SBR 8cm sum+inst) | G37: M2 | I37: 516895 | J37: =+I37*1.3453 -> 695378.84 | K37: =+ROUND(H37*J37,0) -> 0
C38: 18 | D38: 6.3 | E38: 16677 | F38: Piso Caucho recicl 5cm (EPDM 1cm+SBR 4cm sum+inst) | G38: M2 | I38: 355743 | J38: =+I38*1.3453 -> 478581.06 | K38: =+ROUND(H38*J38,0) -> 0
F40: 07 ASFALTO
C41: 19 | D41: 7.1 | E41: 10407 | F41: Base asfaltica B-1350 e=5cm compactado** | G41: M2 | H41: 348 | I41: 82372.07 | J41: =+I41*1.3453 -> 110815.15 | K41: =+ROUND(H41*J41,0) -> 38563671
C42: 20 | D42: 7.2 | E42: 13743 | F42: Riego de liga (Emulsion CRR-1)** | G42: M2 | H42: 348 | I42: $ 10.080,60 | J42: =+I42*1.3453 -> 13561.431 | K42: =+ROUND(H42*J42,0) -> 4719378
F44: 08 DEMARCACIONES
C45: 21 | D45: 8.1 | E45: 10256 | F45: Demarcacion pintura trafico multiple a=0.1 ** | G45: M2 | H45: 49 | I45: 15505.14 | J45: =+I45*1.3453 -> 20859.065 | K45: =+ROUND(H45*J45,0) -> 1022094
C46: 22 | D46: 8.2 | E46: 12541 | F46: Recubrimiento sintetico Acrilico campos deportivos | G46: M2 | H46: 309 | I46: $ 15.505,14 | J46: =+I46*1.3453 -> 20859.065 | K46: =+ROUND(H46*J46,0) -> 6445451
F48: 09 PINTURA
C49: 23 | D49: 9.1 | E49: 10021 | F49: Pintura cerramiento malla eslabonada | G49: M2 | I49: 24685.45 | J49: =+I49*1.3453 -> 33209.336 | K49: =+ROUND(H49*J49,0) -> 0
C50: 24 | D50: 9.2 | E50: 12198 | F50: Pintura Baranda M-80 (2 MANOS) | G50: ML | I50: $ 33.177,18 | J50: =+I50*1.3453 -> 44633.26 | K50: =+ROUND(H50*J50,0) -> 0
C51: 25 | D51: 9.3 | E51: 13689 | F51: Punto de Soldadura 6013 | G51: UN | I51: 10595.65 | J51: =+I51*1.3453 -> 14254.328 | K51: =+ROUND(H51*J51,0) -> 0
F53: 10 MALLAS Y CERRAMIENTOS
C54: 26 | D54: 10.1 | E54: 10452 | F54: Estruc.Mult +Balonc.Tabl. Antiband (Sum+Inst) | G54: JGO | H54: 1 | I54: 9426034.5 | J54: =+I54*1.3453 -> 12680844 | K54: =+ROUND(H54*J54,0) -> 12680844
C55: 27 | D55: 10.2 | E55: 10087 | F55: Cerramiento contra impacto IDRD h= 5 ** | G55: ML | H55: 13.7 | I55: $ 2.094.607,98 | J55: =+I55*1.3453 -> 2817876.1 | K55: =+ROUND(H55*J55,0) -> 38604903
F57: 11 JARDINERÍA
C58: 28 | D58: 11.1 | E58: 11309 | F58: Corte y cicatrización de Raices Arbol 5 a 10M** | G58: UN | I58: $ 686.894,43 | J58: =+I58*1.3453 -> 924079.08 | K58: =+ROUND(H58*J58,0) -> 0
F60: 12 JUEGOS INFANTILES
C61: 29 | D61: 12.1 | E61: 13729 | F61: Mantenimiento de Juegos infantiles Incluye: Limpieza, Engrase y Ajustes | G61: UN | I61: 1035033 | J61: =+I61*1.3453 -> 1392429.9 | K61: =+ROUND(H61*J61,0) -> 0
C62: 30 | D62: 12.2 | E62: 15973 | F62: JuegoMuellePanelLateralMediosTransport2-6añoCap:1n | G62: UN | I62: $ 15.329.700,97 | J62: =+I62*1.3453 -> 20623047 | K62: =+ROUND(H62*J62,0) -> 0
C63: 31 | D63: 12.3 | E63: 16137 | F63: JuegoMuellePanelesFormasludicas2-8añosCap:1niño | G63: UN | I63: 11266369 | J63: =+I63*1.3453 -> 15156646 | K63: =+ROUND(H63*J63,0) -> 0
F65: 13 DESMONTE, SUMINISTRO E INSTALACION
C66: 32 | D66: 13.1 | E66: 10439 | F66: Desmonte estruc. de cancha multiple + retiro | G66: JGO | H66: 1 | I66: $ 479.146,70 | J66: =+I66*1.3453 -> 644596.06 | K66: =+ROUND(H66*J66,0) -> 644596
C67: 33 | D67: 13.2 | E67: 10661 | F67: Desmonte juegos infantiles ** | G67: EVENT | I67: $ 155.116,12 | J67: =+I67*1.3453 -> 208677.72 | K67: =+ROUND(H67*J67,0) -> 0
C68: 34 | D68: 13.3 | E68: 12818 | F68: Reparación baranda ** | G68: ML | I68: 137512.36 | J68: =+I68*1.3453 -> 184995.38 | K68: =+ROUND(H68*J68,0) -> 0
C69: 35 | D69: 13.4 | E69: 12969 | F69: Desmonte patas caneca M-120 | G69: UN | I69: $ 34.320,32 | J69: =+I69*1.3453 -> 46171.126 | K69: =+ROUND(H69*J69,0) -> 0
C70: 36 | D70: 13.5 | E70: 12978 | F70: Desmonte banca M-31 | G70: UN | I70: $ 91.750,18 | J70: =+I70*1.3453 -> 123431.52 | K70: =+ROUND(H70*J70,0) -> 0
C71: 37 | D71: 13.6 | E71: 14439 | F71: Desmonte piso de caucho (Trasiego+Retiro) | G71: M2 | I71: 13249.08 | J71: =+I71*1.3453 -> 17823.987 | K71: =+ROUND(H71*J71,0) -> 0
C72: 38 | D72: 13.7 | E72: 10250 | F72: Caneca Acero Iinoxidable M-121 (sumin e insta) ** | G72: UND | H72: 2 | I72: $ 715.274,19 | J72: =+I72*1.3453 -> 962258.37 | K72: =+ROUND(H72*J72,0) -> 1924517
C73: 39 | D73: 13.8 | E73: 14656 | F73: Banca M-31 | G73: UN | I73: $ 653.922,85 | J73: =+I73*1.3453 -> 879722.41 | K73: =+ROUND(H73*J73,0) -> 0
C74: 40 | D74: 13.9 | E74: 15650 | F74: Señal IDG-S -2 Dos Caras (S/Especif-IDRD) Sum+Insta | G74: UN | I74: 753853.5 | J74: =+I74*1.3453 -> 1014159.1 | K74: =+ROUND(H74*J74,0) -> 0
C75: 41 | D75: 13.10 | E75: 20827 | F75: Señaletica normas generales zonas infantiles y zona biosaludables 120x80 cm*2 caras (Sum + Inst) | G75: UN | I75: 2311790.4 | J75: =+I75*1.3453 -> 3110051.6 | K75: =+ROUND(H75*J75,0) -> 0
F76: VALOR TOTAL | K76: =SUM(K11:K75) -> 251135195
C79: NOTA 1: Se debe tener en cuenta que el PRECIO UNITARIO incluye el valor de A.I.U. | G79: DESCRIPCION | K79: PORCENTAJE
C80: NOTA 2: Cuando la fracción decimal del peso sea igual o superior a 5 se aproximará por exceso al número entero siguiente del peso y cuando la fracción decimal del peso sea inferior a 5 se aproximará por defecto al número entero del peso. | G80: ADMINISTRACIÓN | I80: A= | K80: 0.2953
C81: NOTA 3: El A.I.U y su discriminación deben estar en porcentaje (%). | G81: IMPREVISTO | I81: I= | K81: 0.01
G82: UTILIDAD | I82: U= | K82: 0.04
G83: TOTAL A.I.U | I83: A.I.U.= | K83: =SUM(K80:K82) -> 0.3453

Sheet 062
C1: Formulario 1 - Propuesta económica - Licitación de obra pública de infraestructura social
C4: FONDO DE DESARROLLO LOCAL DE SANTA FE
C6: PRESUPUESTO OFICIAL
C7: Objeto: CONTRATAR, A PRECIOS UNITARIOS FIJOS Y A MONTO AGOTABLE, LA EJECUCIÓN DE LAS ACTIVIDADES DE ADECUACIÓN, MANTENIMIENTO Y DOTACIÓN REQUERIDAS PARA EL MEJORAMIENTO DE LOS PARQUES DE PROXIMIDAD DE LA LOCALIDAD DE SANTA FE, EN BOGOTÁ D.C.
C9: Nº | D9: ÍTEM DE PAGO | E9: CODIGO IDRD | F9: DESCRIPCIÓN | G9: UND. | H9: CANTIDAD | I9: VALOR UNITARIO | J9: VALOR UNITARIO CON AIU | K9: VALOR TOTAL
F10: 01 ACTIVIDADES PRELIMINARES
C11: 1 | D11: 1.1 | E11: 00695 | F11: Localización y replanteo | G11: M2 | H11: 501.54 | I11: $ 5.687,45 | J11: =+I11*1.3453 -> 7651.3265 | K11: =+ROUND(H11*J11,0) -> 3837446
C12: 2 | D12: 1.2 | E12: 11646 | F12: Cerramiento lona h=2.20 mts(Exc) ** | G12: ML | H12: 94.2 | I12: $ 36.492,75 | J12: =+I12*1.3453 -> 49093.697 | K12: =+ROUND(H12*J12,0) -> 4624626
C13: 3 | D13: 1.3 | E13: 15085 | F13: Nivelación y Compactación de Subrasante(MdeO+Cilin | G13: M2 | H13: 501.54 | I13: 2326.93 | J13: =+I13*1.3453 -> 3130.4189 | K13: =+ROUND(H13*J13,0) -> 1570030
F15: 02 DEMOLICIONES
C16: 4 | D16: 2.1 | E16: 10208 | F16: Demol pav asfaltico e=0.10m (corte disco+cargue+retiro) | G16: M2 | H16: 501.54 | I16: $ 203.719,33 | J16: =+I16*1.3453 -> 274063.61 | K16: =+ROUND(H16*J16,0) -> 137453865
C17: 5 | D17: 2.2 | E17: 10760 | F17: Demolición carcamo equipo inclu. cargue y | G17: ML | H17: 29.3 | I17: $ 28.143,86 | J17: =+I17*1.3453 -> 37861.935 | K17: =+ROUND(H17*J17,0) -> 1109355
C18: 6 | D18: 2.3 | E18: 11389 | F18: Demolición Cuneta Manual incly cargue y retiro | G18: ML | I18: $ 51.711,79 | J18: =+I18*1.3453 -> 69567.871 | K18: =+ROUND(H18*J18,0) -> 0
C19: 7 | D19: 2.4 | E19: 13405 | F19: Demolición placas piso h=20 + trasiego | G19: M2 | I19: $ 87.165,11 | J19: =+I19*1.3453 -> 117263.22 | K19: =+ROUND(H19*J19,0) -> 0
F21: 03 EXCAVACIONES
C22: 8 | D22: 3.1 | E22: 13195 | F22: Excavacion manual con retiro suelo blando** | G22: M3 | I22: $ 116.632,07 | J22: =+I22*1.3453 -> 156905.12 | K22: =+ROUND(H22*J22,0) -> 0
C23: 9 | D23: 3.2 | E23: 13298 | F23: Cargue y Retiro de escombros con Minicargador | G23: M3 | I23: $ 107.084,88 | J23: =+I23*1.3453 -> 144061.29 | K23: =+ROUND(H23*J23,0) -> 0
C24: 10 | D24: 3.3 | E24: 20846 | F24: Excavación mecánica (Cargue+Transp+Disp | G24: M3 | H24: =+H16*0.25 -> 125.385 | I24: $ 85.641,75 | J24: =+I24*1.3453 -> 115213.85 | K24: =+ROUND(H24*J24,0) -> 14446088
F26: 04 RELLENOS
C27: 11 | D27: 4.1 | E27: 11921 | F27: Suministro e instalacion Geotextil T-2100** | G27: M2 | H27: 501.54 | I27: 11915.58 | J27: =+I27*1.3453 -> 16030.03 | K27: =+ROUND(H27*J27,0) -> 8039701
C28: 12 | D28: 4.2 | E28: 16837 | F28: Relleno compactado Base granular tipo IDRDcontrap | G28: M3 | H28: =+H27*0.25 -> 125.385 | I28: 224923.82 | J28: =+I28*1.3453 -> 302590.02 | K28: =+ROUND(H28*J28,0) -> 37940249
C29: 13 | D29: 4.3 | E29: 17951 | F29: Relleno compactado Subbase granular tipo IDRD CDRC | G29: M3 | I29: 205448.33 | J29: =+I29*1.3453 -> 276389.64 | K29: =+ROUND(H29*J29,0) -> 0
F31: 05 ESTRUCTURA EN CONCRETO
C32: 14 | D32: 5.1 | E32: 10352 | F32: Cañuela T-C prefabricada (A-120) (canal)** | G32: ML | H32: 29.3 | I32: $ 139.888,55 | J32: =+I32*1.3453 -> 188192.07 | K32: =+ROUND(H32*J32,0) -> 5514028
C33: 15 | D33: 5.2 | E33: 12065 | F33: Bordillo prefabricadoA-80(0.35x0.2x0.80m)ZV-conAtr | G33: ML | I33: $ 132.204,16 | J33: =+I33*1.3453 -> 177854.26 | K33: =+ROUND(H33*J33,0) -> 0
F35: 06 ACABADOS
C36: 16 | D36: 6.1 | E36: 15955 | F36: Cinta AjusteConc.3000psi(a=0.20;e=0.15m)sin ref | G36: ML | I36: $ 59.958,78 | J36: =+I36*1.3453 -> 80662.547 | K36: =+ROUND(H36*J36,0) -> 0
C37: 17 | D37: 6.2 | E37: 16670 | F37: Piso Caucho recicl 9cm (EPDM 1cm+SBR 8cm sum+inst) | G37: M2 | I37: 516895 | J37: =+I37*1.3453 -> 695378.84 | K37: =+ROUND(H37*J37,0) -> 0
C38: 18 | D38: 6.3 | E38: 16677 | F38: Piso Caucho recicl 5cm (EPDM 1cm+SBR 4cm sum+inst) | G38: M2 | I38: 355743 | J38: =+I38*1.3453 -> 478581.06 | K38: =+ROUND(H38*J38,0) -> 0
F40: 07 ASFALTO
C41: 19 | D41: 7.1 | E41: 10407 | F41: Base asfaltica B-1350 e=5cm compactado** | G41: M2 | H41: 501.54 | I41: 82372.07 | J41: =+I41*1.3453 -> 110815.15 | K41: =+ROUND(H41*J41,0) -> 55578228
C42: 20 | D42: 7.2 | E42: 13743 | F42: Riego de liga (Emulsion CRR-1)** | G42: M2 | H42: 501.54 | I42: $ 10.080,60 | J42: =+I42*1.3453 -> 13561.431 | K42: =+ROUND(H42*J42,0) -> 6801600
F44: 08 DEMARCACIONES
C45: 21 | D45: 8.1 | E45: 10256 | F45: Demarcacion pintura trafico multiple a=0.1 ** | G45: M2 | H45: 74 | I45: 15505.14 | J45: =+I45*1.3453 -> 20859.065 | K45: =+ROUND(H45*J45,0) -> 1543571
C46: 22 | D46: 8.2 | E46: 12541 | F46: Recubrimiento sintetico Acrilico campos deportivos | G46: M2 | H46: 501.54 | I46: $ 15.505,14 | J46: =+I46*1.3453 -> 20859.065 | K46: =+ROUND(H46*J46,0) -> 10461655
F48: 09 PINTURA
C49: 23 | D49: 9.1 | E49: 10021 | F49: Pintura cerramiento malla eslabonada | G49: M2 | H49: =17.8+29.3 -> 47.1 | I49: 24685.45 | J49: =+I49*1.3453 -> 33209.336 | K49: =+ROUND(H49*J49,0) -> 1564160
C50: 24 | D50: 9.2 | E50: 12198 | F50: Pintura Baranda M-80 (2 MANOS) | G50: ML | I50: $ 33.177,18 | J50: =+I50*1.3453 -> 44633.26 | K50: =+ROUND(H50*J50,0) -> 0
C51: 25 | D51: 9.3 | E51: 13689 | F51: Punto de Soldadura 6013 | G51: UN | H51: 50 | I51: 10595.65 | J51: =+I51*1.3453 -> 14254.328 | K51: =+ROUND(H51*J51,0) -> 712716
F53: 10 MALLAS Y CERRAMIENTOS
C54: 26 | D54: 10.1 | E54: 10452 | F54: Estruc.Mult +Balonc.Tabl. Antiband (Sum+Inst) | G54: JGO | H54: 1 | I54: 9426034.5 | J54: =+I54*1.3453 -> 12680844 | K54: =+ROUND(H54*J54,0) -> 12680844
C55: 27 | D55: 10.2 | E55: 10087 | F55: Cerramiento contra impacto IDRD h= 5 ** | G55: ML | I55: $ 2.094.607,98 | J55: =+I55*1.3453 -> 2817876.1 | K55: =+ROUND(H55*J55,0) -> 0
F57: 11 JARDINERÍA
C58: 28 | D58: 11.1 | E58: 11309 | F58: Corte y cicatrización de Raices Arbol 5 a 10M** | G58: UN | I58: $ 686.894,43 | J58: =+I58*1.3453 -> 924079.08 | K58: =+ROUND(H58*J58,0) -> 0
F60: 12 JUEGOS INFANTILES
C61: 29 | D61: 12.1 | E61: 13729 | F61: Mantenimiento de Juegos infantiles Incluye: Limpieza, Engrase y Ajustes | G61: UN | I61: 1035033 | J61: =+I61*1.3453 -> 1392429.9 | K61: =+ROUND(H61*J61,0) -> 0
C62: 30 | D62: 12.2 | E62: 15973 | F62: JuegoMuellePanelLateralMediosTransport2-6añoCap:1n | G62: UN | I62: $ 15.329.700,97 | J62: =+I62*1.3453 -> 20623047 | K62: =+ROUND(H62*J62,0) -> 0
C63: 31 | D63: 12.3 | E63: 16137 | F63: JuegoMuellePanelesFormasludicas2-8añosCap:1niño | G63: UN | I63: 11266369 | J63: =+I63*1.3453 -> 15156646 | K63: =+ROUND(H63*J63,0) -> 0
F65: 13 DESMONTE, SUMINISTRO E INSTALACION
C66: 32 | D66: 13.1 | E66: 10439 | F66: Desmonte estruc. de cancha multiple + retiro | G66: JGO | H66: 1 | I66: $ 479.146,70 | J66: =+I66*1.3453 -> 644596.06 | K66: =+ROUND(H66*J66,0) -> 644596
C67: 33 | D67: 13.2 | E67: 10661 | F67: Desmonte juegos infantiles ** | G67: EVENT | I67: $ 155.116,12 | J67: =+I67*1.3453 -> 208677.72 | K67: =+ROUND(H67*J67,0) -> 0
C68: 34 | D68: 13.3 | E68: 12818 | F68: Reparación baranda ** | G68: ML | I68: 137512.36 | J68: =+I68*1.3453 -> 184995.38 | K68: =+ROUND(H68*J68,0) -> 0
C69: 35 | D69: 13.4 | E69: 12969 | F69: Desmonte patas caneca M-120 | G69: UN | I69: $ 34.320,32 | J69: =+I69*1.3453 -> 46171.126 | K69: =+ROUND(H69*J69,0) -> 0
C70: 36 | D70: 13.5 | E70: 12978 | F70: Desmonte banca M-31 | G70: UN | I70: $ 91.750,18 | J70: =+I70*1.3453 -> 123431.52 | K70: =+ROUND(H70*J70,0) -> 0
C71: 37 | D71: 13.6 | E71: 14439 | F71: Desmonte piso de caucho (Trasiego+Retiro) | G71: M2 | I71: 13249.08 | J71: =+I71*1.3453 -> 17823.987 | K71: =+ROUND(H71*J71,0) -> 0
C72: 38 | D72: 13.7 | E72: 10250 | F72: Caneca Acero Iinoxidable M-121 (sumin e insta) ** | G72: UND | H72: 2 | I72: $ 715.274,19 | J72: =+I72*1.3453 -> 962258.37 | K72: =+ROUND(H72*J72,0) -> 1924517
C73: 39 | D73: 13.8 | E73: 14656 | F73: Banca M-31 | G73: UN | H73: 1 | I73: $ 653.922,85 | J73: =+I73*1.3453 -> 879722.41 | K73: =+ROUND(H73*J73,0) -> 879722
C74: 40 | D74: 13.9 | E74: 15650 | F74: Señal IDG-S -2 Dos Caras (S/Especif-IDRD) Sum+Insta | G74: UN | H74: 1 | I74: 753853.5 | J74: =+I74*1.3453 -> 1014159.1 | K74: =+ROUND(H74*J74,0) -> 1014159
C75: 41 | D75: 13.10 | E75: 20827 | F75: Señaletica normas generales zonas infantiles y zona biosaludables 120x80 cm*2 caras (Sum + Inst) | G75: UN | H75: 1 | I75: 2311790.4 | J75: =+I75*1.3453 -> 3110051.6 | K75: =+ROUND(H75*J75,0) -> 3110052
F76: VALOR TOTAL | K76: =SUM(K11:K75) -> 311451208
C79: NOTA 1: Se debe tener en cuenta que el PRECIO UNITARIO incluye el valor de A.I.U. | G79: DESCRIPCION | K79: PORCENTAJE
C80: NOTA 2: Cuando la fracción decimal del peso sea igual o superior a 5 se aproximará por exceso al número entero siguiente del peso y cuando la fracción decimal del peso sea inferior a 5 se aproximará por defecto al número entero del peso. | G80: ADMINISTRACIÓN | I80: A= | K80: 0.2953
C81: NOTA 3: El A.I.U y su discriminación deben estar en porcentaje (%). | G81: IMPREVISTO | I81: I= | K81: 0.01
G82: UTILIDAD | I82: U= | K82: 0.04
G83: TOTAL A.I.U | I83: A.I.U.= | K83: =SUM(K80:K82) -> 0.3453

Sheet 124
C1: Formulario 1 - Propuesta económica - Licitación de obra pública de infraestructura social
C4: FONDO DE DESARROLLO LOCAL DE SANTA FE
C6: PRESUPUESTO OFICIAL
C7: Objeto: CONTRATAR, A PRECIOS UNITARIOS FIJOS Y A MONTO AGOTABLE, LA EJECUCIÓN DE LAS ACTIVIDADES DE ADECUACIÓN, MANTENIMIENTO Y DOTACIÓN REQUERIDAS PARA EL MEJORAMIENTO DE LOS PARQUES DE PROXIMIDAD DE LA LOCALIDAD DE SANTA FE, EN BOGOTÁ D.C.
C9: Nº | D9: ÍTEM DE PAGO | E9: CODIGO IDRD | F9: DESCRIPCIÓN | G9: UND. | H9: CANTIDAD | I9: VALOR UNITARIO | J9: VALOR UNITARIO CON AIU | K9: VALOR TOTAL
F10: 01 ACTIVIDADES PRELIMINARES
C11: 1 | D11: 1.1 | E11: 00695 | F11: Localización y replanteo | G11: M2 | H11: 100 | I11: $ 5.687,45 | J11: =+I11*1.3453 -> 7651.3265 | K11: =+ROUND(H11*J11,0) -> 765133
C12: 2 | D12: 1.2 | E12: 11646 | F12: Cerramiento lona h=2.20 mts(Exc) ** | G12: ML | H12: 42 | I12: $ 36.492,75 | J12: =+I12*1.3453 -> 49093.697 | K12: =+ROUND(H12*J12,0) -> 2061935
C13: 3 | D13: 1.3 | E13: 15085 | F13: Nivelación y Compactación de Subrasante(MdeO+Cilin | G13: M2 | I13: 2326.93 | J13: =+I13*1.3453 -> 3130.4189 | K13: =+ROUND(H13*J13,0) -> 0
F15: 02 DEMOLICIONES
C16: 4 | D16: 2.1 | E16: 10208 | F16: Demol pav asfaltico e=0.10m (corte disco+cargue+retiro) | G16: M2 | I16: $ 203.719,33 | J16: =+I16*1.3453 -> 274063.61 | K16: =+ROUND(H16*J16,0) -> 0
C17: 5 | D17: 2.2 | E17: 10760 | F17: Demolición carcamo equipo inclu. cargue y | G17: ML | I17: $ 28.143,86 | J17: =+I17*1.3453 -> 37861.935 | K17: =+ROUND(H17*J17,0) -> 0
C18: 6 | D18: 2.3 | E18: 11389 | F18: Demolición Cuneta Manual incly cargue y retiro | G18: ML | I18: $ 51.711,79 | J18: =+I18*1.3453 -> 69567.871 | K18: =+ROUND(H18*J18,0) -> 0
C19: 7 | D19: 2.4 | E19: 13405 | F19: Demolición placas piso h=20 + trasiego | G19: M2 | I19: $ 87.165,11 | J19: =+I19*1.3453 -> 117263.22 | K19: =+ROUND(H19*J19,0) -> 0
F21: 03 EXCAVACIONES
C22: 8 | D22: 3.1 | E22: 13195 | F22: Excavacion manual con retiro suelo blando** | G22: M3 | I22: $ 116.632,07 | J22: =+I22*1.3453 -> 156905.12 | K22: =+ROUND(H22*J22,0) -> 0
C23: 9 | D23: 3.2 | E23: 13298 | F23: Cargue y Retiro de escombros con Minicargador | G23: M3 | I23: $ 107.084,88 | J23: =+I23*1.3453 -> 144061.29 | K23: =+ROUND(H23*J23,0) -> 0
C24: 10 | D24: 3.3 | E24: 20846 | F24: Excavación mecánica (Cargue+Transp+Disp | G24: M3 | I24: $ 85.641,75 | J24: =+I24*1.3453 -> 115213.85 | K24: =+ROUND(H24*J24,0) -> 0
F26: 04 RELLENOS
C27: 11 | D27: 4.1 | E27: 11921 | F27: Suministro e instalacion Geotextil T-2100** | G27: M2 | I27: 11915.58 | J27: =+I27*1.3453 -> 16030.03 | K27: =+ROUND(H27*J27,0) -> 0
C28: 12 | D28: 4.2 | E28: 16837 | F28: Relleno compactado Base granular tipo IDRDcontrap | G28: M3 | I28: 224923.82 | J28: =+I28*1.3453 -> 302590.02 | K28: =+ROUND(H28*J28,0) -> 0
C29: 13 | D29: 4.3 | E29: 17951 | F29: Relleno compactado Subbase granular tipo IDRD CDRC | G29: M3 | I29: 205448.33 | J29: =+I29*1.3453 -> 276389.64 | K29: =+ROUND(H29*J29,0) -> 0
F31: 05 ESTRUCTURA EN CONCRETO
C32: 14 | D32: 5.1 | E32: 10352 | F32: Cañuela T-C prefabricada (A-120) (canal)** | G32: ML | I32: $ 139.888,55 | J32: =+I32*1.3453 -> 188192.07 | K32: =+ROUND(H32*J32,0) -> 0
C33: 15 | D33: 5.2 | E33: 12065 | F33: Bordillo prefabricadoA-80(0.35x0.2x0.80m)ZV-conAtr | G33: ML | I33: $ 132.204,16 | J33: =+I33*1.3453 -> 177854.26 | K33: =+ROUND(H33*J33,0) -> 0
F35: 06 ACABADOS
C36: 16 | D36: 6.1 | E36: 15955 | F36: Cinta AjusteConc.3000psi(a=0.20;e=0.15m)sin ref | G36: ML | I36: $ 59.958,78 | J36: =+I36*1.3453 -> 80662.547 | K36: =+ROUND(H36*J36,0) -> 0
C37: 17 | D37: 6.2 | E37: 16670 | F37: Piso Caucho recicl 9cm (EPDM 1cm+SBR 8cm sum+inst) | G37: M2 | H37: 40 | I37: 516895 | J37: =+I37*1.3453 -> 695378.84 | K37: =+ROUND(H37*J37,0) -> 27815154
C38: 18 | D38: 6.3 | E38: 16677 | F38: Piso Caucho recicl 5cm (EPDM 1cm+SBR 4cm sum+inst) | G38: M2 | H38: 60 | I38: 355743 | J38: =+I38*1.3453 -> 478581.06 | K38: =+ROUND(H38*J38,0) -> 28714863
F40: 07 ASFALTO
C41: 19 | D41: 7.1 | E41: 10407 | F41: Base asfaltica B-1350 e=5cm compactado** | G41: M2 | I41: 82372.07 | J41: =+I41*1.3453 -> 110815.15 | K41: =+ROUND(H41*J41,0) -> 0
C42: 20 | D42: 7.2 | E42: 13743 | F42: Riego de liga (Emulsion CRR-1)** | G42: M2 | I42: $ 10.080,60 | J42: =+I42*1.3453 -> 13561.431 | K42: =+ROUND(H42*J42,0) -> 0
F44: 08 DEMARCACIONES
C45: 21 | D45: 8.1 | E45: 10256 | F45: Demarcacion pintura trafico multiple a=0.1 ** | G45: M2 | I45: 15505.14 | J45: =+I45*1.3453 -> 20859.065 | K45: =+ROUND(H45*J45,0) -> 0
C46: 22 | D46: 8.2 | E46: 12541 | F46: Recubrimiento sintetico Acrilico campos deportivos | G46: M2 | I46: $ 15.505,14 | J46: =+I46*1.3453 -> 20859.065 | K46: =+ROUND(H46*J46,0) -> 0
F48: 09 PINTURA
C49: 23 | D49: 9.1 | E49: 10021 | F49: Pintura cerramiento malla eslabonada | G49: M2 | I49: 24685.45 | J49: =+I49*1.3453 -> 33209.336 | K49: =+ROUND(H49*J49,0) -> 0
C50: 24 | D50: 9.2 | E50: 12198 | F50: Pintura Baranda M-80 (2 MANOS) | G50: ML | H50: 42 | I50: $ 33.177,18 | J50: =+I50*1.3453 -> 44633.26 | K50: =+ROUND(H50*J50,0) -> 1874597
C51: 25 | D51: 9.3 | E51: 13689 | F51: Punto de Soldadura 6013 | G51: UN | H51: 50 | I51: 10595.65 | J51: =+I51*1.3453 -> 14254.328 | K51: =+ROUND(H51*J51,0) -> 712716
F53: 10 MALLAS Y CERRAMIENTOS
C54: 26 | D54: 10.1 | E54: 10452 | F54: Estruc.Mult +Balonc.Tabl. Antiband (Sum+Inst) | G54: JGO | I54: 9426034.5 | J54: =+I54*1.3453 -> 12680844 | K54: =+ROUND(H54*J54,0) -> 0
C55: 27 | D55: 10.2 | E55: 10087 | F55: Cerramiento contra impacto IDRD h= 5 ** | G55: ML | I55: $ 2.094.607,98 | J55: =+I55*1.3453 -> 2817876.1 | K55: =+ROUND(H55*J55,0) -> 0
F57: 11 JARDINERÍA
C58: 28 | D58: 11.1 | E58: 11309 | F58: Corte y cicatrización de Raices Arbol 5 a 10M** | G58: UN | I58: $ 686.894,43 | J58: =+I58*1.3453 -> 924079.08 | K58: =+ROUND(H58*J58,0) -> 0
F60: 12 JUEGOS INFANTILES
C61: 29 | D61: 12.1 | E61: 13729 | F61: Mantenimiento de Juegos infantiles Incluye: Limpieza, Engrase y Ajustes | G61: UN | H61: 1 | I61: 1035033 | J61: =+I61*1.3453 -> 1392429.9 | K61: =+ROUND(H61*J61,0) -> 1392430
C62: 30 | D62: 12.2 | E62: 15973 | F62: JuegoMuellePanelLateralMediosTransport2-6añoCap:1n | G62: UN | I62: $ 15.329.700,97 | J62: =+I62*1.3453 -> 20623047 | K62: =+ROUND(H62*J62,0) -> 0
C63: 31 | D63: 12.3 | E63: 16137 | F63: JuegoMuellePanelesFormasludicas2-8añosCap:1niño | G63: UN | H63: 1 | I63: 11266369 | J63: =+I63*1.3453 -> 15156646 | K63: =+ROUND(H63*J63,0) -> 15156646
F65: 13 DESMONTE, SUMINISTRO E INSTALACION
C66: 32 | D66: 13.1 | E66: 10439 | F66: Desmonte estruc. de cancha multiple + retiro | G66: JGO | I66: $ 479.146,70 | J66: =+I66*1.3453 -> 644596.06 | K66: =+ROUND(H66*J66,0) -> 0
C67: 33 | D67: 13.2 | E67: 10661 | F67: Desmonte juegos infantiles ** | G67: EVENT | H67: 1 | I67: $ 155.116,12 | J67: =+I67*1.3453 -> 208677.72 | K67: =+ROUND(H67*J67,0) -> 208678
C68: 34 | D68: 13.3 | E68: 12818 | F68: Reparación baranda ** | G68: ML | H68: 5 | I68: 137512.36 | J68: =+I68*1.3453 -> 184995.38 | K68: =+ROUND(H68*J68,0) -> 924977
C69: 35 | D69: 13.4 | E69: 12969 | F69: Desmonte patas caneca M-120 | G69: UN | I69: $ 34.320,32 | J69: =+I69*1.3453 -> 46171.126 | K69: =+ROUND(H69*J69,0) -> 0
C70: 36 | D70: 13.5 | E70: 12978 | F70: Desmonte banca M-31 | G70: UN | I70: $ 91.750,18 | J70: =+I70*1.3453 -> 123431.52 | K70: =+ROUND(H70*J70,0) -> 0
C71: 37 | D71: 13.6 | E71: 14439 | F71: Desmonte piso de caucho (Trasiego+Retiro) | G71: M2 | H71: 100 | I71: 13249.08 | J71: =+I71*1.3453 -> 17823.987 | K71: =+ROUND(H71*J71,0) -> 1782399
C72: 38 | D72: 13.7 | E72: 10250 | F72: Caneca Acero Iinoxidable M-121 (sumin e insta) ** | G72: UND | I72: $ 715.274,19 | J72: =+I72*1.3453 -> 962258.37 | K72: =+ROUND(H72*J72,0) -> 0
C73: 39 | D73: 13.8 | E73: 14656 | F73: Banca M-31 | G73: UN | I73: $ 653.922,85 | J73: =+I73*1.3453 -> 879722.41 | K73: =+ROUND(H73*J73,0) -> 0
C74: 40 | D74: 13.9 | E74: 15650 | F74: Señal IDG-S -2 Dos Caras (S/Especif-IDRD) Sum+Insta | G74: UN | I74: 753853.5 | J74: =+I74*1.3453 -> 1014159.1 | K74: =+ROUND(H74*J74,0) -> 0
C75: 41 | D75: 13.10 | E75: 20827 | F75: Señaletica normas generales zonas infantiles y zona biosaludables 120x80 cm*2 caras (Sum + Inst) | G75: UN | I75: 2311790.4 | J75: =+I75*1.3453 -> 3110051.6 | K75: =+ROUND(H75*J75,0) -> 0
F76: VALOR TOTAL | K76: =SUM(K11:K75) -> 81409528
C79: NOTA 1: Se debe tener en cuenta que el PRECIO UNITARIO incluye el valor de A.I.U. | G79: DESCRIPCION | K79: PORCENTAJE
C80: NOTA 2: Cuando la fracción decimal del peso sea igual o superior a 5 se aproximará por exceso al número entero siguiente del peso y cuando la fracción decimal del peso sea inferior a 5 se aproximará por defecto al número entero del peso. | G80: ADMINISTRACIÓN | I80: A= | K80: 0.2953
C81: NOTA 3: El A.I.U y su discriminación deben estar en porcentaje (%). | G81: IMPREVISTO | I81: I= | K81: 0.01
G82: UTILIDAD | I82: U= | K82: 0.04
G83: TOTAL A.I.U | I83: A.I.U.= | K83: =SUM(K80:K82) -> 0.3453

Sheet 151
C1: Formulario 1 - Propuesta económica - Licitación de obra pública de infraestructura social
C4: FONDO DE DESARROLLO LOCAL DE SANTA FE
C6: PRESUPUESTO OFICIAL
C7: Objeto: CONTRATAR, A PRECIOS UNITARIOS FIJOS Y A MONTO AGOTABLE, LA EJECUCIÓN DE LAS ACTIVIDADES DE ADECUACIÓN, MANTENIMIENTO Y DOTACIÓN REQUERIDAS PARA EL MEJORAMIENTO DE LOS PARQUES DE PROXIMIDAD DE LA LOCALIDAD DE SANTA FE, EN BOGOTÁ D.C.
C9: Nº | D9: ÍTEM DE PAGO | E9: CODIGO IDRD | F9: DESCRIPCIÓN | G9: UND. | H9: CANTIDAD | I9: VALOR UNITARIO | J9: VALOR UNITARIO CON AIU | K9: VALOR TOTAL
F10: 01 ACTIVIDADES PRELIMINARES
C11: 1 | D11: 1.1 | E11: 00695 | F11: Localización y replanteo | G11: M2 | H11: 34.2 | I11: $ 5.687,45 | J11: =+I11*1.3453 -> 7651.3265 | K11: =+ROUND(H11*J11,0) -> 261675
C12: 2 | D12: 1.2 | E12: 11646 | F12: Cerramiento lona h=2.20 mts(Exc) ** | G12: ML | I12: $ 36.492,75 | J12: =+I12*1.3453 -> 49093.697 | K12: =+ROUND(H12*J12,0) -> 0
C13: 3 | D13: 1.3 | E13: 15085 | F13: Nivelación y Compactación de Subrasante(MdeO+Cilin | G13: M2 | H13: 34.2 | I13: 2326.93 | J13: =+I13*1.3453 -> 3130.4189 | K13: =+ROUND(H13*J13,0) -> 107060
F15: 02 DEMOLICIONES
C16: 4 | D16: 2.1 | E16: 10208 | F16: Demol pav asfaltico e=0.10m (corte disco+cargue+retiro) | G16: M2 | H16: 34.2 | I16: $ 203.719,33 | J16: =+I16*1.3453 -> 274063.61 | K16: =+ROUND(H16*J16,0) -> 9372976
C17: 5 | D17: 2.2 | E17: 10760 | F17: Demolición carcamo equipo inclu. cargue y | G17: ML | I17: $ 28.143,86 | J17: =+I17*1.3453 -> 37861.935 | K17: =+ROUND(H17*J17,0) -> 0
C18: 6 | D18: 2.3 | E18: 11389 | F18: Demolición Cuneta Manual incly cargue y retiro | G18: ML | I18: $ 51.711,79 | J18: =+I18*1.3453 -> 69567.871 | K18: =+ROUND(H18*J18,0) -> 0
C19: 7 | D19: 2.4 | E19: 13405 | F19: Demolición placas piso h=20 + trasiego | G19: M2 | I19: $ 87.165,11 | J19: =+I19*1.3453 -> 117263.22 | K19: =+ROUND(H19*J19,0) -> 0
F21: 03 EXCAVACIONES
C22: 8 | D22: 3.1 | E22: 13195 | F22: Excavacion manual con retiro suelo blando** | G22: M3 | H22: 9 | I22: $ 116.632,07 | J22: =+I22*1.3453 -> 156905.12 | K22: =+ROUND(H22*J22,0) -> 1412146
C23: 9 | D23: 3.2 | E23: 13298 | F23: Cargue y Retiro de escombros con Minicargador | G23: M3 | H23: 9 | I23: $ 107.084,88 | J23: =+I23*1.3453 -> 144061.29 | K23: =+ROUND(H23*J23,0) -> 1296552
C24: 10 | D24: 3.3 | E24: 20846 | F24: Excavación mecánica (Cargue+Transp+Disp | G24: M3 | I24: $ 85.641,75 | J24: =+I24*1.3453 -> 115213.85 | K24: =+ROUND(H24*J24,0) -> 0
F26: 04 RELLENOS
C27: 11 | D27: 4.1 | E27: 11921 | F27: Suministro e instalacion Geotextil T-2100** | G27: M2 | I27: 11915.58 | J27: =+I27*1.3453 -> 16030.03 | K27: =+ROUND(H27*J27,0) -> 0
C28: 12 | D28: 4.2 | E28: 16837 | F28: Relleno compactado Base granular tipo IDRDcontrap | G28: M3 | H28: =34.2*0.2 -> 6.84 | I28: 224923.82 | J28: =+I28*1.3453 -> 302590.02 | K28: =+ROUND(H28*J28,0) -> 2069716
C29: 13 | D29: 4.3 | E29: 17951 | F29: Relleno compactado Subbase granular tipo IDRD CDRC | G29: M3 | H29: =34.2*0.2 -> 6.84 | I29: 205448.33 | J29: =+I29*1.3453 -> 276389.64 | K29: =+ROUND(H29*J29,0) -> 1890505
F31: 05 ESTRUCTURA EN CONCRETO
C32: 14 | D32: 5.1 | E32: 10352 | F32: Cañuela T-C prefabricada (A-120) (canal)** | G32: ML | I32: $ 139.888,55 | J32: =+I32*1.3453 -> 188192.07 | K32: =+ROUND(H32*J32,0) -> 0
C33: 15 | D33: 5.2 | E33: 12065 | F33: Bordillo prefabricadoA-80(0.35x0.2x0.80m)ZV-conAtr | G33: ML | H33: 25 | I33: $ 132.204,16 | J33: =+I33*1.3453 -> 177854.26 | K33: =+ROUND(H33*J33,0) -> 4446356
F35: 06 ACABADOS
C36: 16 | D36: 6.1 | E36: 15955 | F36: Cinta AjusteConc.3000psi(a=0.20;e=0.15m)sin ref | G36: ML | I36: $ 59.958,78 | J36: =+I36*1.3453 -> 80662.547 | K36: =+ROUND(H36*J36,0) -> 0
C37: 17 | D37: 6.2 | E37: 16670 | F37: Piso Caucho recicl 9cm (EPDM 1cm+SBR 8cm sum+inst) | G37: M2 | H37: 13.68 | I37: 516895 | J37: =+I37*1.3453 -> 695378.84 | K37: =+ROUND(H37*J37,0) -> 9512783
C38: 18 | D38: 6.3 | E38: 16677 | F38: Piso Caucho recicl 5cm (EPDM 1cm+SBR 4cm sum+inst) | G38: M2 | H38: 20.52 | I38: 355743 | J38: =+I38*1.3453 -> 478581.06 | K38: =+ROUND(H38*J38,0) -> 9820483
F40: 07 ASFALTO
C41: 19 | D41: 7.1 | E41: 10407 | F41: Base asfaltica B-1350 e=5cm compactado** | G41: M2 | H41: 34.2 | I41: 82372.07 | J41: =+I41*1.3453 -> 110815.15 | K41: =+ROUND(H41*J41,0) -> 3789878
C42: 20 | D42: 7.2 | E42: 13743 | F42: Riego de liga (Emulsion CRR-1)** | G42: M2 | H42: 34.2 | I42: $ 10.080,60 | J42: =+I42*1.3453 -> 13561.431 | K42: =+ROUND(H42*J42,0) -> 463801
F44: 08 DEMARCACIONES
C45: 21 | D45: 8.1 | E45: 10256 | F45: Demarcacion pintura trafico multiple a=0.1 ** | G45: M2 | I45: 15505.14 | J45: =+I45*1.3453 -> 20859.065 | K45: =+ROUND(H45*J45,0) -> 0
C46: 22 | D46: 8.2 | E46: 12541 | F46: Recubrimiento sintetico Acrilico campos deportivos | G46: M2 | I46: $ 15.505,14 | J46: =+I46*1.3453 -> 20859.065 | K46: =+ROUND(H46*J46,0) -> 0
F48: 09 PINTURA
C49: 23 | D49: 9.1 | E49: 10021 | F49: Pintura cerramiento malla eslabonada | G49: M2 | I49: 24685.45 | J49: =+I49*1.3453 -> 33209.336 | K49: =+ROUND(H49*J49,0) -> 0
C50: 24 | D50: 9.2 | E50: 12198 | F50: Pintura Baranda M-80 (2 MANOS) | G50: ML | H50: 25 | I50: $ 33.177,18 | J50: =+I50*1.3453 -> 44633.26 | K50: =+ROUND(H50*J50,0) -> 1115832
C51: 25 | D51: 9.3 | E51: 13689 | F51: Punto de Soldadura 6013 | G51: UN | I51: 10595.65 | J51: =+I51*1.3453 -> 14254.328 | K51: =+ROUND(H51*J51,0) -> 0
F53: 10 MALLAS Y CERRAMIENTOS
C54: 26 | D54: 10.1 | E54: 10452 | F54: Estruc.Mult +Balonc.Tabl. Antiband (Sum+Inst) | G54: JGO | I54: 9426034.5 | J54: =+I54*1.3453 -> 12680844 | K54: =+ROUND(H54*J54,0) -> 0
C55: 27 | D55: 10.2 | E55: 10087 | F55: Cerramiento contra impacto IDRD h= 5 ** | G55: ML | I55: $ 2.094.607,98 | J55: =+I55*1.3453 -> 2817876.1 | K55: =+ROUND(H55*J55,0) -> 0
F57: 11 JARDINERÍA
C58: 28 | D58: 11.1 | E58: 11309 | F58: Corte y cicatrización de Raices Arbol 5 a 10M** | G58: UN | H58: 1 | I58: $ 686.894,43 | J58: =+I58*1.3453 -> 924079.08 | K58: =+ROUND(H58*J58,0) -> 924079
F60: 12 JUEGOS INFANTILES
C61: 29 | D61: 12.1 | E61: 13729 | F61: Mantenimiento de Juegos infantiles Incluye: Limpieza, Engrase y Ajustes | G61: UN | I61: 1035033 | J61: =+I61*1.3453 -> 1392429.9 | K61: =+ROUND(H61*J61,0) -> 0
C62: 30 | D62: 12.2 | E62: 15973 | F62: JuegoMuellePanelLateralMediosTransport2-6añoCap:1n | G62: UN | I62: $ 15.329.700,97 | J62: =+I62*1.3453 -> 20623047 | K62: =+ROUND(H62*J62,0) -> 0
C63: 31 | D63: 12.3 | E63: 16137 | F63: JuegoMuellePanelesFormasludicas2-8añosCap:1niño | G63: UN | H63: 1 | I63: 11266369 | J63: =+I63*1.3453 -> 15156646 | K63: =+ROUND(H63*J63,0) -> 15156646
F65: 13 DESMONTE, SUMINISTRO E INSTALACION
C66: 32 | D66: 13.1 | E66: 10439 | F66: Desmonte estruc. de cancha multiple + retiro | G66: JGO | I66: $ 479.146,70 | J66: =+I66*1.3453 -> 644596.06 | K66: =+ROUND(H66*J66,0) -> 0
C67: 33 | D67: 13.2 | E67: 10661 | F67: Desmonte juegos infantiles ** | G67: EVENT | H67: 1 | I67: $ 155.116,12 | J67: =+I67*1.3453 -> 208677.72 | K67: =+ROUND(H67*J67,0) -> 208678
C68: 34 | D68: 13.3 | E68: 12818 | F68: Reparación baranda ** | G68: ML | I68: 137512.36 | J68: =+I68*1.3453 -> 184995.38 | K68: =+ROUND(H68*J68,0) -> 0
C69: 35 | D69: 13.4 | E69: 12969 | F69: Desmonte patas caneca M-120 | G69: UN | I69: $ 34.320,32 | J69: =+I69*1.3453 -> 46171.126 | K69: =+ROUND(H69*J69,0) -> 0
C70: 36 | D70: 13.5 | E70: 12978 | F70: Desmonte banca M-31 | G70: UN | H70: 2 | I70: $ 91.750,18 | J70: =+I70*1.3453 -> 123431.52 | K70: =+ROUND(H70*J70,0) -> 246863
C71: 37 | D71: 13.6 | E71: 14439 | F71: Desmonte piso de caucho (Trasiego+Retiro) | G71: M2 | I71: 13249.08 | J71: =+I71*1.3453 -> 17823.987 | K71: =+ROUND(H71*J71,0) -> 0
C72: 38 | D72: 13.7 | E72: 10250 | F72: Caneca Acero Iinoxidable M-121 (sumin e insta) ** | G72: UND | H72: 2 | I72: $ 715.274,19 | J72: =+I72*1.3453 -> 962258.37 | K72: =+ROUND(H72*J72,0) -> 1924517
C73: 39 | D73: 13.8 | E73: 14656 | F73: Banca M-31 | G73: UN | H73: 2 | I73: $ 653.922,85 | J73: =+I73*1.3453 -> 879722.41 | K73: =+ROUND(H73*J73,0) -> 1759445
C74: 40 | D74: 13.9 | E74: 15650 | F74: Señal IDG-S -2 Dos Caras (S/Especif-IDRD) Sum+Insta | G74: UN | I74: 753853.5 | J74: =+I74*1.3453 -> 1014159.1 | K74: =+ROUND(H74*J74,0) -> 0
C75: 41 | D75: 13.10 | E75: 20827 | F75: Señaletica normas generales zonas infantiles y zona biosaludables 120x80 cm*2 caras (Sum + Inst) | G75: UN | I75: 2311790.4 | J75: =+I75*1.3453 -> 3110051.6 | K75: =+ROUND(H75*J75,0) -> 0
F76: VALOR TOTAL | K76: =SUM(K11:K75) -> 65779991
C79: NOTA 1: Se debe tener en cuenta que el PRECIO UNITARIO incluye el valor de A.I.U. | G79: DESCRIPCION | K79: PORCENTAJE
C80: NOTA 2: Cuando la fracción decimal del peso sea igual o superior a 5 se aproximará por exceso al número entero siguiente del peso y cuando la fracción decimal del peso sea inferior a 5 se aproximará por defecto al número entero del peso. | G80: ADMINISTRACIÓN | I80: A= | K80: 0.2953
C81: NOTA 3: El A.I.U y su discriminación deben estar en porcentaje (%). | G81: IMPREVISTO | I81: I= | K81: 0.01
G82: UTILIDAD | I82: U= | K82: 0.04
G83: TOTAL A.I.U | I83: A.I.U.= | K83: =SUM(K80:K82) -> 0.3453
